 Dungeon Crawl Stone Soup version 0.20-a0-217-g17e8ceb (webtiles) character file.

7758 Lochraine the Frost Mage (level 11, -7/64 HPs)
             Began as a Merfolk Ice Elementalist on Nov 28, 2016.
             Was an Elder of Hepliaklqana.
             Mangled by an orc warrior
             ... wielding a +0 battleaxe
              (21 damage)
             ... on level 10 of the Dungeon.
             The game lasted 00:42:38 (10323 turns).

Lochraine the Frost Mage (MfIE)                    Turns: 10323, Time: 00:42:38

Health: -7/64      AC: 16    Str: 10 (12) XL:     11   Next: 20%
Magic:  3/18       EV: 15    Int: 15 (16) God:    Hepliaklqana [****..]
Gold:   218        SH:  0    Dex: 14 (15) Spells: 5/19 levels left

rFire  . . .     SeeInvis .     Z - +2 halberd
rCold  . . .     Gourm    .     P - +0 troll leather armour
rNeg   . . .     Faith    .     (shield currently unavailable)
rPois  +         Spirit   .     w - +1 helmet
rElec  .         Reflect  .     (no cloak)
rCorr  +         Harm     .     u - +1 pair of gloves
MR     ++...                    h - +0 pair of boots
Stlth  ++........               (no amulet)
                                R - +2 ring of evasion
                                V - ring "Nuqoemar" {rCorr rPois MR+}

@: icy armour, slow
A: change form in water, swift swim, stealthy swim, reduced essence,
deterioration 1, magic resistance 1, sense surroundings 1, strong 1, evolution 1
a: Recall Ancestor, Ancestor Identity, Transference, Idealise, Renounce Religion


You were on level 10 of the Dungeon.
You worshipped Hepliaklqana.
Hepliaklqana was greatly pleased with you.
You were very hungry.

You visited 1 branch of the dungeon, and saw 11 of its levels.

You collected 659 gold pieces.
You spent 441 gold pieces at shops.

Inventory:

Hand Weapons
 b - a +1 mace of protection
 O - the +5 shortbow of Stickiness {venom, rN+}
   (You found it on level 8 of the Dungeon)

   It poisons the ammo it fires.
   It protects you from negative energy.
 Z - a +2 halberd (weapon)
Missiles
 E - 3 throwing nets (quivered)
 W - 73 arrows
Armour
 h - a +0 pair of boots (worn)
 u - a +1 pair of gloves (worn)
 w - a +1 helmet (worn)
 P - a +0 troll leather armour (worn)
Rods
 B - a +0 rod of inaccuracy (10/10)
   (You found it on level 5 of the Dungeon)
Jewellery
 a - an uncursed ring of protection from magic
 R - a +2 ring of evasion (right hand)
 V - the ring "Nuqoemar" (left hand) {rCorr rPois MR+}
   (You bought it in a shop on level 8 of the Dungeon)

   [ring of resist corrosion]

   It protects you from poison.
   It affects your resistance to hostile enchantments.
 Y - an uncursed ring of fire
Wands
 d - a wand of paralysis (18/24)
 G - a wand of random effects (37/48)
 H - a wand of slowing (33/48)
 K - a wand of digging (13/24)
 N - a wand of disintegration (13/24)
Scrolls
 e - 7 scrolls of identify
 g - a scroll of fog
 i - 2 scrolls of enchant armour {unknown}
 j - 6 scrolls of remove curse
 k - a scroll of recharging {unknown}
 m - 5 scrolls of teleportation
 n - a scroll of magic mapping {unknown}
 z - a scroll of enchant weapon {unknown}
 F - a scroll of amnesia {unknown}
 M - a scroll of noise
 U - a scroll of summoning
Potions
 p - a potion of agility
 r - 2 potions of flight
 t - 2 potions of cure mutation
 v - 2 potions of resistance
 C - a potion of haste {unknown}
 D - 2 potions of cancellation {unknown}
 I - a potion of magic {unknown}
 J - 2 potions of curing
 L - a potion of invisibility {unknown}
 Q - a potion of degeneration {unknown}
 X - a potion of might {unknown}
Books
 y - a book of Frost

   Spells                             Type                      Level
   a - Freeze                         Ice                          1
   b - Throw Frost                    Conjuration/Ice              2
   c - Ozocubu's Armour               Charms/Ice                   3
   d - Throw Icicle                   Conjuration/Ice              4
   e - Summon Ice Beast               Ice/Summoning                4
Comestibles
 c - 10 bread rations
 f - 11 beef jerkies
 q - 4 fruits
 s - 3 meat rations
 x - a slice of pizza


   Skills:
 + Level 1.9 Fighting
 + Level 2.7 Polearms
 + Level 3.9 Dodging
 - Level 2.1 Stealth
 - Level 4.7 Spellcasting
 - Level 6.3 Conjurations
 - Level 7.0 Charms
 - Level 7.6 Summonings
 - Level 9.7 Ice Magic
 + Level 5.1 Invocations


You had 5 spell levels left.
You knew the following spells:

 Your Spells              Type           Power        Failure   Level  Hunger
a - Freeze                Ice            ####         1%          1    None
b - Throw Frost           Conj/Ice       ####..       1%          2    ##.....
c - Ozocubu's Armour      Chrm/Ice       ####....     1%          3    ###....
d - Throw Icicle          Conj/Ice       ####....     10%         4    ####...
e - Summon Ice Beast      Ice/Summ       ####....     10%         4    ####...


Dungeon Overview and Level Annotations

Branches:
Dungeon (11/15)            Temple (0/1) D:5
   Lair: D:8-11         Orc: D:9-12

Altars:
Ashenzari
Cheibriados
Dithmenos
Hepliaklqana
Nemelex Xobeh
Sif Muna

Shops:
D:8 =[:(

Annotations:
D:3 exclusion: orc priest


Innate Abilities, Weirdness & Mutations

You revert to your normal form in water.
You are very nimble and swift while swimming.
You are very stealthy in the water. (Stealth+)
Your life essence is reduced. (-10% HP)
Your body sometimes deteriorates upon taking damage.
You are resistant to hostile enchantments. (MR+)
You passively map a small area around you.
Your muscles are strong. (Str +2)
You evolve.


Message History

Okay, then.
Okay, then.
Okay, then.
Evoke which item? (* to show all) (? for menu, Esc to quit)
Okay, then.
Unknown command.
Okay, then.
Okay, then.
Unknown command.
Press: ? - help, v - describe, . - travel
Here: an orc warrior, wielding a battleaxe and wearing a plate armour (moderately wounded)
The floor.
You feel better.
Your icy armour evaporates.
The orc priest hits you but does no damage.
Casting: Summon Ice Beast
Confirm with . or Enter, or press ? or * to list all spells.
A film of ice covers your body!
The orc warrior hits you with a battleaxe!!
You die...

####.......# #..........#
#.##.......# ##
#.##.......# .#
#.......####### *
.#########.# #.#
.......###.# #.# ### *
.##.(......#####o# ######..
, .)......R.......@#
#...##.######
.##.###.##.#####o#
#.#.##.##...# .##.#
#..#.#####.# #.#.##.##.#..
###.#
##.#.......####.#...z.<....
#.#
,#.#.#####)........#.#.##.#
*#.# #.#.#
#.####........##.# ..#*
#.#.# #.# #.#..#>#....#
#.##,#.#.# #.#
#....#.####.# #.##.#.#.#
#.####.#..#.####.#


You could see an orc warrior and an orc priest.

Vanquished Creatures
  2 hill giants
  A troll (D:9)
  3 yaks (D:9)
  Grum (D:8)
  3 orc warriors
  2 black bears
  3 ogres
  2 wolves (D:8)
  2 centaurs
  A crocodile (D:8)
  2 big kobolds
  6 bullfrogs
  A wyvern zombie (D:10)
  11 killer bees
  A wight (D:10)
  A crimson imp (D:5)
  2 centaur zombies
  4 orc priests
  A jelly (D:9)
  2 hexers (D:9)
  4 worker ants
  3 iguanas
  Robin (D:4)
  A howler monkey zombie (D:6)
  5 adders
  5 gnolls (D:8)
  2 oozes
  An adder zombie (D:5)
  2 worms
  3 dart slugs
  A leopard gecko (D:1)
  21 orcs
  A ball python (D:2)
  A bat (D:1)
  3 giant cockroaches
  14 goblins
  7 hobgoblins
  3 jackals
  A quokka (D:5)
  2 frilled lizards
  2 giant cockroach zombies (D:6)
  11 kobolds
  9 rats
154 creatures vanquished.

Vanquished Creatures (collateral kills)
  2 trolls
  A two-headed ogre (D:9)
  2 hippogriffs
  6 yaks (D:10)
  2 orc warriors
  3 ice beasts
  2 sky beasts
  2 centaurs
  An ogre (D:4)
  A big kobold (D:9)
  2 bullfrogs (D:7)
  A wyvern skeleton (D:10)
  2 scorpions
  2 killer bees
  3 wights
  2 quasits
  3 hounds
  An orc priest (D:9)
  A jelly (D:5)
  7 orc wizards
  2 iguanas (D:8)
  4 worker ants
  A killer bee zombie (D:6)
  A hound skeleton (D:7)
  A worker ant zombie (D:7)
  2 gnolls (D:8)
  2 adders
  A shadow imp (D:8)
  2 adder zombies
  2 leopard geckos
  14 orcs
  2 jackals (D:6)
  10 kobolds
90 creatures vanquished.

Vanquished Creatures (others)
  14 hexers
  5 ancestors
19 creatures vanquished.

Grand Total: 263 creatures vanquished

Notes
Turn   | Place    | Note
-------+----------+-------------------------------------------
     0 | D:1      | Lochraine the Merfolk Ice Elementalist began the quest for the Orb.
     0 | D:1      | Reached XP level 1. HP: 13/13 MP: 3/3
   437 | D:1      | Reached XP level 2. HP: 19/19 MP: 5/5
   536 | D:1      | Reached skill level 4 in Ice Magic
   566 | D:1      | Learned a level 2 spell: Throw Frost
   938 | D:1      | Reached XP level 3. HP: 22/24 MP: 6/6
  1331 | D:2      | Reached skill level 1 in Conjurations
  1475 | D:2      | Found a hazy altar of Hepliaklqana.
  1520 | D:2      | Became a worshipper of Hepliaklqana the Forgotten
  1628 | D:2      | Found a deep blue altar of Sif Muna.
  1848 | D:3      | Learned a level 3 spell: Ozocubu's Armour
  1977 | D:3      | Found a shattered altar of Ashenzari.
  2092 | D:3      | Reached XP level 4. HP: 24/27 MP: 2/7
  2627 | D:4      | Reached skill level 1 in Charms
  2825 | D:4      | Noticed a hippogriff
  3040 | D:4      | Reached skill level 5 in Ice Magic
  3040 | D:4      | Reached XP level 5. HP: 31/31 MP: 5/9
  3054 | D:5      | Entered Level 5 of the Dungeon
  3082 | D:5      | Reached * piety under Hepliaklqana
  3110 | D:5      | Identified a +0 rod of inaccuracy (10/10) (You found it on level 5 of the Dungeon)
  3304 | D:5      | Noticed an ogre
  3352 | D:4      | Reached XP level 6. HP: 36/36 MP: 5/10
  3476 | D:4      | Noticed a phantom
  3578 | D:5      | Found a staircase to the Ecumenical Temple.
  3768 | D:4      | Noticed Robin
  3794 | D:4      | Killed Robin
  4110 | D:6      | Gained mutation: You are resistant to hostile enchantments. (MR+) [potion of beneficial mutation]
  4111 | D:6      | Gained mutation: You evolve. [potion of beneficial mutation]
  4130 | D:6      | Noticed a sky beast
  4160 | D:6      | Reached XP level 7. HP: 41/41 MP: 9/11
  4215 | D:6      | Found a snail-covered altar of Cheibriados.
  4309 | D:6      | Gained mutation: You passively map a small area around you. [evolution]
  4556 | D:6      | Reached skill level 6 in Ice Magic
  5092 | D:7      | Gained mutation: Your body sometimes deteriorates upon taking damage. [evolution]
  5097 | D:7      | Reached skill level 5 in Charms
  5097 | D:7      | Reached XP level 8. HP: 19/46 MP: 5/12
  5237 | D:7      | Reached ** piety under Hepliaklqana
  5238 | D:7      | Remembered your ancestor Illuratum as a hexer
  5516 | D:7      | Noticed a hippogriff
  5527 | D:7      | Killed a hippogriff
  5527 | D:7      | Reached skill level 5 in Conjurations
  5788 | D:8      | Reached skill level 7 in Ice Magic
  5792 | D:8      | Reached XP level 9. HP: 20/51 MP: 7/13
  5821 | D:8      | Learned a level 4 spell: Throw Icicle
  5953 | D:8      | Got an ichor-stained shortbow
  5954 | D:8      | Identified the +5 shortbow of Stickiness {venom, rN+} (You found it on level 8 of the Dungeon)
  6185 | D:8      | Found Vuuluwkavva's Book Emporium.
  6807 | D:8      | Found a shadowy altar of Dithmenos.
  6818 | D:8      | Learned a level 4 spell: Summon Ice Beast
  6882 | D:8      | Found Muto's Antique Armour Shop.
  6961 | D:8      | Reached skill level 1 in Summonings
  7023 | D:8      | Found Kotzaon's Weapon Shop.
  7193 | D:8      | Reached skill level 8 in Ice Magic
  7313 | D:8      | Found Gummaur's Jewellery Shoppe.
  7335 | D:8      | Noticed Grum
  7355 | D:8      | Killed Grum
  7456 | D:8      | Bought the ring "Nuqoemar" {rCorr rPois MR+} for 441 gold pieces
  7565 | D:8      | Gained mutation: Your muscles are strong. (Str +2) [evolution]
  7797 | D:9      | Reached XP level 10. HP: 55/56 MP: 17/17
  7820 | D:9      | Reached *** piety under Hepliaklqana
  7884 | D:9      | Reached skill level 1 in Invocations
  7982 | D:9      | Reached skill level 5 in Summonings
  8260 | D:9      | Found a sparkling altar of Nemelex Xobeh.
  8282 | D:9      | Reached skill level 9 in Ice Magic
  8935 | D:10     | Entered Level 10 of the Dungeon
  8996 | D:10     | Noticed a storm dragon
  9002 | D:10     | Noticed an ice dragon
  9002 | D:10     | Noticed a deep elf mage
  9003 | D:10     | Noticed an orc warlord
  9004 | D:10     | Noticed a yaktaur captain
  9014 | D:10     | Noticed a hill giant
  9219 | D:9      | Killed a hill giant
  9457 | D:10     | Noticed a manticore
  9546 | D:10     | Reached XP level 11. HP: 52/61 MP: 4/18
  9694 | D:10     | Noticed an eight-headed hydra
  9696 | D:10     | Noticed a cyclops
  9791 | D:10     | Reached skill level 1 in Polearms
  9880 | D:10     | Reached skill level 1 in Fighting
 10140 | D:11     | Reached **** piety under Hepliaklqana
 10147 | D:11     | Noticed a hill giant
 10156 | D:11     | Killed a hill giant
 10156 | D:11     | Reached skill level 5 in Invocations
 10323 | D:10     | Mangled by an orc warrior

Vault maps used:
D:1:      minmay_arrival_four_houses, corexii_hall_statues_t
D:2:      nicolae_overflow_crystal_walls, minmay_misc_feat_four_crosses,
          led_sif_pool
D:3:      ashenzari_altar_1
D:4:      uniq_robin
D:5:      first_bread
D:6:      cheibriados_altar_1, grunt_decor_fettered
D:7:      grunt_ogre_cave
D:8:      overflow_temple_1_default, serial_shops, kennysheep_mini_moat,
          nicolae_shop_overgrown_old_shop, shop, shop_coins, uniq_grum
D:9:      nemelex_xobeh_ov_fountains_minmay
D:10:     minmay_the_grid_2x2
D:11:     lair_entry_dummy, erik_orc_4, minmay_misc_feat_doors,
          minmay_door_square, grunt_decor_one_mirror, uniq_maurice, uniq_harold

Skill      XL: |  1  2  3  4  5  6  7  8  9 10 11 |
---------------+----------------------------------+-----
Ice Magic      | 4 5 6 7 8 9 |  9.7
Conjurations   | 1 2 4 5 6 |  6.3
Charms         | 1 2 3 5 7 |  7.0
Spellcasting   | 3 4 |  4.7
Summonings     | 3 7 |  7.6
Invocations    | 4 5 |  5.1
Polearms       | 2 |  2.7
Fighting       | 1 |  1.9
Dodging        | 3 |  3.9
Stealth        | |  2.1

Action                   |  1- 3 |  4- 6 |  7- 9 | 10-12 || total
-------------------------+-------+-------+-------+-------++-------
Melee: Whip              |    33 |       |       |       ||    33
       Mace              |    28 |   118 |   217 |    22 ||   385
       Trident           |       |     5 |       |       ||     5
       Spear             |       |       |    84 |   139 ||   223
       Halberd           |       |       |       |    64 ||    64
 Fire: Shortbow          |       |       |       |    10 ||    10
 Cast: Freeze            |    29 |    31 |    45 |    26 ||   131
       Throw Frost       |     1 |     8 |    15 |     1 ||    25
       Ozocubu's Armour  |       |     4 |    24 |    11 ||    39
       Throw Icicle      |       |       |     4 |     8 ||    12
       Summon Ice Beast  |       |       |       |    26 ||    26
Invok: Ancestor Life: He |       |       |     1 |       ||     1
  Use: Scroll            |     1 |     9 |     1 |     5 ||    16
       Potion            |       |     4 |     2 |     1 ||     7
 Stab: Sleeping          |     8 |     3 |     2 |     1 ||    14
       Distracted        |     1 |     1 |     5 |     5 ||    12
       Confused          |       |       |     2 |     2 ||     4
  Eat: Chunk             |     4 |     8 |    16 |    12 ||    40
       Royal jelly       |       |       |       |     2 ||     2
Armor: Robe              |    11 |    64 |   147 |       ||   222
       Skin              |       |     1 |       |       ||     1
       Leather armour    |       |       |    28 |    17 ||    45
       Troll leather arm |       |       |       |    66 ||    66
Dodge: Dodged            |    57 |   122 |   351 |   162 ||   692
